General information
- name: BNet
- type: Ladder team game (AT/RT)
- host: Battle.net
- saver: Flashbang_Omnix
map: FullScaleAssault
- players: 8
- length: 35:56
- speed: Fast
- version: 1.26 W3XP
- replay type: Public
» download(230 KB)
Players
team 1 (loser)
Flashbang_Omnix (
yellow | 65 APM | 2339 actions | 35:56)
8 Archmage
3 Blizzard
3 Brilliance Aura
1 Mass Teleport
1 Summon Water Elemental
» actions
| Basic commands | 128 | |
| Build / train | 136 | |
| ESC pressed | 12 | |
| Enter build submenu | 20 | |
| Enter hero's abilities submenu | 9 | |
| Give item / drop item | 5 | |
| Right click | 1479 | |
| Select / deselect | 409 | |
| Use ability | 141 | |
2339 total
» units
| Peasant | 43 | |
| Footman | 18 | |
| Rifleman | 13 | |
| Goblin Zeppelin | 1 | |
| Knight | 10 | |
85 total
» upgrades
| Defend | 1 | |
| Plating | 3 | |
| Gunpowder | 2 | |
| Long Rifles | 1 | |
| Masonry | 3 | |
| Armor | 1 | |
| Lumber Harvesting | 2 | |
| Animal War Training | 1 | |
14 total
» buildings
| Altar of Kings | 1 | |
| Barracks | 3 | |
| Farm | 8 | |
| Lumber Mill | 2 | |
| Keep | 1 | |
| Arcane Vault | 1 | |
| Blacksmith | 1 | |
| Castle | 1 | |
| Town Hall | 6 | |
| Scout Tower | 4 | |
| Guard Tower | 1 | |
29 total
» build order
00:11 Altar of Kings
00:13 Barracks
00:15 Farm
00:16 Farm
03:54 Barracks
03:59 Farm
04:00 Farm
04:06 Lumber Mill
06:21 Keep
06:28 Farm
06:28 Farm
06:32 Arcane Vault
06:36 Blacksmith
09:38 Castle
13:34 Town Hall
13:55 Barracks
16:42 Scout Tower
16:44 Scout Tower
16:45 Scout Tower
16:46 Scout Tower
16:51 Farm
16:52 Farm
18:42 Town Hall
21:04 Guard Tower
28:20 Town Hall
29:36 Lumber Mill
32:32 Town Hall
34:28 Town Hall
35:21 Town Hall
» items
| Scroll of Town Portal | 7 | |
| Potion of Healing | 6 | |
| Scroll of Regeneration | 6 | |
| Lesser Clarity Potion | 1 | |
| Staff of Teleportation | 1 | |
| Boots of Speed | 1 | |
| Periapt of Vitality | 1 | |
| Dust of Appearance | 1 | |
24 total

»
spermie (
pink | 68 APM | 2405 actions | 35:26)
7 Archmage
3 Summon Water Elemental
3 Blizzard
1 Mass Teleport
6 Blood Mage
2 Flame Strike
3 Banish
1 Summon Phoenix
3 Firelord
2 Summon Lava Spawn
1 Soul Burn
» actions
| Assign group hotkey | 37 | |
| Basic commands | 4 | |
| Build / train | 85 | |
| Enter build submenu | 30 | |
| Enter hero's abilities submenu | 16 | |
| Give item / drop item | 1 | |
| Right click | 1042 | |
| Select / deselect | 458 | |
| Select group hotkey | 661 | |
| Use ability | 71 | |
2405 total
» units
| Peasant | 20 | |
| Mortar Team | 8 | |
| Goblin Zeppelin | 1 | |
| Siege Engine | 5 | |
| Knight | 10 | |
44 total
» upgrades
| Lumber Harvesting | 2 | |
| Flare | 1 | |
| Fragmentation Shards | 1 | |
| Barrage | 1 | |
| Gunpowder | 3 | |
| Plating | 3 | |
| Armor | 3 | |
| Animal War Training | 1 | |
| Swords | 3 | |
18 total
» buildings
| Farm | 11 | |
| Altar of Kings | 1 | |
| Keep | 1 | |
| Lumber Mill | 1 | |
| Blacksmith | 2 | |
| Arcane Vault | 1 | |
| Castle | 1 | |
| Workshop | 3 | |
| Town Hall | 4 | |
| Barracks | 3 | |
28 total
» build order
01:16 Farm
01:31 Altar of Kings
01:59 Farm
02:39 Farm
03:29 Farm
03:31 Keep
04:00 Lumber Mill
04:07 Blacksmith
04:11 Farm
04:54 Farm
05:22 Arcane Vault
05:36 Farm
05:55 Castle
06:03 Workshop
06:09 Workshop
06:12 Workshop
06:24 Farm
07:11 Farm
07:57 Farm
09:00 Farm
09:23 Town Hall
12:11 Town Hall
13:48 Blacksmith
19:58 Barracks
20:01 Barracks
20:13 Barracks
20:45 Town Hall
32:21 Town Hall
» items

»
Parabolica (
purple | 59 APM | 2079 actions | 35:16)
5 Archmage
3 Blizzard
2 Brilliance Aura
7 Mountain King
3 Storm Bolt
3 Thunder Clap
1 Avatar
» actions
| Assign group hotkey | 19 | |
| Build / train | 104 | |
| Enter build submenu | 31 | |
| Enter hero's abilities submenu | 12 | |
| Give item / drop item | 2 | |
| Remove unit from queue | 4 | |
| Right click | 652 | |
| Select / deselect | 432 | |
| Select group hotkey | 728 | |
| Use ability | 95 | |
2079 total
» units
| Peasant | 19 | |
| Rifleman | 6 | |
| Priest | 6 | |
| Siege Engine | 2 | |
| Blue Dragon | 1 | |
| Sorceress | 2 | |
| Knight | 7 | |
| Gryphon Rider | 4 | |
47 total
» upgrades
| Masonry | 3 | |
| Gunpowder | 3 | |
| Armor | 2 | |
| Long Rifles | 1 | |
| Priest Training | 2 | |
| Barrage | 1 | |
| Plating | 1 | |
| Animal War Training | 1 | |
| Swords | 2 | |
| Storm Hammers | 1 | |
17 total
» buildings
| Farm | 10 | |
| Altar of Kings | 1 | |
| Arcane Vault | 1 | |
| Lumber Mill | 1 | |
| Scout Tower | 6 | |
| Blacksmith | 1 | |
| Barracks | 1 | |
| Guard Tower | 4 | |
| Keep | 1 | |
| Arcane Tower | 2 | |
| Castle | 1 | |
| Arcane Sanctum | 2 | |
| Workshop | 2 | |
| Town Hall | 3 | |
| Gryphon Aviary | 2 | |
38 total
» build order
00:22 Farm
00:43 Altar of Kings
00:57 Arcane Vault
01:09 Lumber Mill
01:37 Farm
02:10 Scout Tower
02:15 Farm
02:36 Blacksmith
02:49 Barracks
02:54 Scout Tower
03:58 Farm
04:00 Scout Tower
04:08 Farm
04:11 Scout Tower
04:57 Scout Tower
04:59 Guard Tower
05:08 Keep
05:15 Arcane Tower
07:31 Castle
07:32 Arcane Tower
07:35 Guard Tower
07:36 Guard Tower
08:36 Arcane Sanctum
09:51 Arcane Sanctum
11:06 Farm
11:49 Farm
12:28 Workshop
13:58 Workshop
14:47 Town Hall
16:09 Farm
16:35 Farm
16:56 Scout Tower
17:25 Guard Tower
21:33 Town Hall
22:42 Farm
26:24 Gryphon Aviary
26:26 Gryphon Aviary
28:50 Town Hall
» items
| Scroll of Regeneration | 2 | |
| Lesser Clarity Potion | 1 | |
| Boots of Speed | 1 | |
| Staff of Teleportation | 2 | |
| Scroll of Town Portal | 1 | |
| Potion of Healing | 2 | |
9 total
ohhh_nooooooooo (
teal | 32 APM | 769 actions | 24:02)
5 Mountain King
3 Storm Bolt
2 Thunder Clap
4 Paladin
2 Holy Light
2 Divine Shield
» actions
| Build / train | 100 | |
| Enter build submenu | 19 | |
| Enter hero's abilities submenu | 9 | |
| Give item / drop item | 5 | |
| Right click | 288 | |
| Select / deselect | 279 | |
| Use ability | 69 | |
769 total
» units
| Peasant | 25 | |
| Footman | 4 | |
| Rifleman | 9 | |
| Priest | 4 | |
| Sorceress | 6 | |
| Siege Engine | 2 | |
| Flying Machine | 3 | |
| Mortar Team | 1 | |
54 total
» upgrades
| Gunpowder | 3 | |
| Armor | 2 | |
| Masonry | 1 | |
| Long Rifles | 1 | |
| Sorceress Training | 2 | |
| Priest Training | 2 | |
| Barrage | 1 | |
| Plating | 2 | |
| Flak Cannons | 1 | |
| Flying Machine Bombs | 1 | |
| Fragmentation Shards | 1 | |
17 total
» buildings
| Farm | 12 | |
| Altar of Kings | 1 | |
| Barracks | 1 | |
| Blacksmith | 1 | |
| Arcane Vault | 1 | |
| Town Hall | 1 | |
| Lumber Mill | 1 | |
| Keep | 1 | |
| Arcane Sanctum | 3 | |
| Workshop | 4 | |
| Castle | 1 | |
27 total
» build order
01:03 Farm
01:18 Altar of Kings
01:42 Farm
01:50 Barracks
02:25 Farm
02:48 Blacksmith
03:07 Arcane Vault
04:39 Town Hall
05:46 Farm
06:08 Lumber Mill
06:28 Keep
06:35 Farm
07:21 Farm
09:07 Arcane Sanctum
09:08 Arcane Sanctum
09:09 Arcane Sanctum
11:25 Workshop
11:33 Workshop
11:36 Castle
11:49 Farm
12:33 Farm
12:34 Farm
12:35 Farm
13:33 Workshop
13:34 Workshop
13:40 Farm
13:40 Farm
» items
| Lesser Clarity Potion | 2 | |
| Scroll of Regeneration | 3 | |
| Scroll of Healing | 2 | |
| Periapt of Vitality | 1 | |
| Potion of Healing | 3 | |
| Scroll of Town Portal | 2 | |
| Potion of Mana | 3 | |
16 total
team 2 (winner)

»
2thache (
orange | 53 APM | 1915 actions | 35:56)
7 Beastmaster
3 Summon Bear
3 Summon Hawk
1 Stampede
6 Keeper of the Grove
3 Entangling Roots
2 Thorns Aura
1 Tranquility
5 Naga Sea Witch
3 Frost Arrows
2 Forked Lightning
» actions
| Assign group hotkey | 1 | |
| Basic commands | 102 | |
| Build / train | 124 | |
| Enter build submenu | 24 | |
| Enter hero's abilities submenu | 18 | |
| Give item / drop item | 2 | |
| Right click | 883 | |
| Select / deselect | 580 | |
| Use ability | 181 | |
1915 total
» units
| Wisp | 16 | |
| Archer | 9 | |
| Druid of the Claw | 11 | |
| Mountain Giant | 1 | |
| Goblin Shredder | 3 | |
| Goblin Zeppelin | 2 | |
| Faerie Dragon | 4 | |
| Druid of the Talon | 4 | |
| Dryad | 3 | |
| Chimaera | 3 | |
| Blue Dragon Whelp | 3 | |
| Blue Drake | 4 | |
63 total
» upgrades
| Strength of the Wild | 3 | |
| Reinforced Hides | 3 | |
| Druid of the Claw Training | 2 | |
| Mark of the Claw | 1 | |
| Nature's Blessing | 1 | |
| Well Spring | 1 | |
| Druid of the Talon Training | 2 | |
| Ultravision | 1 | |
| Abolish Magic | 1 | |
| Corrosive Breath | 1 | |
16 total
» buildings
| Moon Well | 8 | |
| Altar of Elders | 1 | |
| Ancient of War | 1 | |
| Ancient of Wonders | 1 | |
| Hunter's Hall | 1 | |
| Tree of Ages | 1 | |
| Tree of Life | 3 | |
| Ancient Protector | 1 | |
| Tree of Eternity | 1 | |
| Ancient of Lore | 2 | |
| Ancient of Wind | 1 | |
| Chimaera Roost | 2 | |
23 total
» build order
00:12 Moon Well
01:25 Altar of Elders
01:43 Moon Well
01:55 Ancient of War
02:14 Ancient of Wonders
02:42 Moon Well
03:10 Hunter's Hall
04:29 Tree of Ages
04:53 Tree of Life
05:13 Ancient Protector
05:27 Moon Well
06:29 Moon Well
07:11 Tree of Eternity
07:15 Ancient of Lore
09:00 Ancient of Lore
14:49 Ancient of Wind
14:51 Moon Well
16:18 Moon Well
17:19 Moon Well
19:14 Chimaera Roost
21:09 Chimaera Roost
28:22 Tree of Life
34:04 Tree of Life
» items
| Orb of Venom | 3 | |
| Potion of Healing | 4 | |
| Scroll of Town Portal | 5 | |
| Potion of Mana | 1 | |
| Boots of Speed | 1 | |
| Circlet of Nobility | 1 | |
| Scroll of Healing | 2 | |
| Potion of Lesser Invulnerability | 1 | |
18 total
King-Joffrey (
green | 50 APM | 1795 actions | 35:56)
7 Warden
2 Shadow Strike
1 Fan of Knives
3 Blink
1 Spirit of Vengeance
» actions
| Assign group hotkey | 10 | |
| Basic commands | 35 | |
| Build / train | 122 | |
| Enter build submenu | 26 | |
| Enter hero's abilities submenu | 7 | |
| Right click | 1053 | |
| Select / deselect | 434 | |
| Select group hotkey | 9 | |
| Use ability | 99 | |
1795 total
» units
| Wisp | 28 | |
| Archer | 9 | |
| Huntress | 1 | |
| Dryad | 18 | |
| Druid of the Claw | 15 | |
| Mountain Giant | 7 | |
| Druid of the Talon | 5 | |
| Goblin Shredder | 1 | |
| Goblin Zeppelin | 1 | |
| Hippogryph | 3 | |
88 total
» upgrades
| Strength of the Wild | 3 | |
| Reinforced Hides | 3 | |
| Abolish Magic | 1 | |
| Druid of the Claw Training | 2 | |
| Hardened Skin | 1 | |
| Resistant Skin | 1 | |
| Nature's Blessing | 1 | |
| Mark of the Claw | 1 | |
| Ultravision | 1 | |
| Well Spring | 1 | |
| Druid of the Talon Training | 2 | |
17 total
» buildings
| Altar of Elders | 1 | |
| Moon Well | 8 | |
| Ancient of War | 2 | |
| Hunter's Hall | 1 | |
| Tree of Ages | 1 | |
| Ancient Protector | 3 | |
| Ancient of Wind | 3 | |
| Ancient of Lore | 4 | |
| Tree of Life | 2 | |
| Ancient of Wonders | 2 | |
| Tree of Eternity | 1 | |
28 total
» build order
00:09 Altar of Elders
00:22 Moon Well
00:51 Ancient of War
01:34 Moon Well
01:45 Moon Well
02:58 Hunter's Hall
03:36 Tree of Ages
04:13 Ancient Protector
04:40 Ancient of War
06:09 Ancient of Wind
06:35 Ancient of Lore
08:11 Ancient of Lore
09:02 Ancient of Lore
09:12 Moon Well
09:18 Tree of Life
10:23 Moon Well
11:22 Moon Well
11:28 Ancient of Wonders
11:31 Tree of Eternity
12:38 Ancient of Lore
16:37 Moon Well
17:41 Ancient Protector
19:54 Moon Well
19:58 Ancient Protector
22:21 Ancient of Wind
22:24 Ancient of Wind
26:14 Ancient of Wonders
33:05 Tree of Life
» items
| Boots of Speed | 1 | |
| Scroll of Town Portal | 5 | |
| Orb of Venom | 1 | |
7 total

»
Patologico (
blue | 28 APM | 999 actions | 35:56)
7 Paladin
3 Devotion Aura
3 Divine Shield
1 Resurrection
5 Archmage
3 Summon Water Elemental
2 Blizzard
» actions
| Build / train | 120 | |
| Enter build submenu | 39 | |
| Enter hero's abilities submenu | 12 | |
| Remove unit from queue | 1 | |
| Right click | 411 | |
| Select / deselect | 349 | |
| Use ability | 67 | |
999 total
» units
| Peasant | 14 | |
| Footman | 7 | |
| Priest | 15 | |
| Spell Breaker | 10 | |
| Knight | 14 | |
60 total
» upgrades
| Swords | 3 | |
| Priest Training | 2 | |
| Lumber Harvesting | 2 | |
| Animal War Training | 1 | |
| Plating | 3 | |
| Control Magic | 1 | |
| Masonry | 2 | |
| Magic Sentry | 1 | |
| Gunpowder | 3 | |
| Armor | 3 | |
21 total
» buildings
| Altar of Kings | 1 | |
| Farm | 10 | |
| Lumber Mill | 1 | |
| Barracks | 1 | |
| Blacksmith | 1 | |
| Keep | 1 | |
| Arcane Vault | 1 | |
| Castle | 1 | |
| Arcane Sanctum | 1 | |
| Town Hall | 2 | |
| Scout Tower | 21 | |
| Guard Tower | 20 | |
61 total
» build order
00:09 Altar of Kings
00:14 Farm
00:51 Farm
01:14 Lumber Mill
01:27 Barracks
01:33 Farm
02:11 Farm
02:36 Blacksmith
02:48 Farm
03:26 Keep
03:51 Arcane Vault
05:01 Farm
05:42 Farm
06:03 Castle
06:19 Arcane Sanctum
07:41 Farm
07:56 Town Hall
08:59 Farm
09:41 Farm
13:09 Scout Tower
13:24 Scout Tower
14:00 Scout Tower
14:01 Guard Tower
14:04 Scout Tower
14:05 Guard Tower
14:30 Scout Tower
14:31 Guard Tower
14:35 Scout Tower
14:35 Guard Tower
15:00 Guard Tower
15:02 Scout Tower
15:06 Scout Tower
15:07 Guard Tower
15:35 Scout Tower
15:36 Guard Tower
15:39 Scout Tower
15:41 Guard Tower
16:07 Scout Tower
16:08 Guard Tower
16:11 Scout Tower
16:12 Guard Tower
16:37 Scout Tower
16:38 Guard Tower
16:42 Scout Tower
17:01 Guard Tower
17:12 Guard Tower
17:26 Scout Tower
17:27 Guard Tower
19:03 Scout Tower
19:04 Guard Tower
19:39 Scout Tower
19:40 Guard Tower
20:40 Scout Tower
20:41 Guard Tower
21:13 Scout Tower
21:14 Guard Tower
21:47 Scout Tower
21:48 Guard Tower
22:40 Guard Tower
29:52 Town Hall
35:25 Scout Tower
» items
| Scroll of Town Portal | 1 | |
| Orb of Fire | 1 | |
2 total
coolriver (
red | 21 APM | 761 actions | 35:56)
5 Priestess of the Moon
2 Scout
3 Trueshot Aura
3 Dark Ranger
1 Silence
2 Black Arrow
2 Keeper of the Grove
1 Thorns Aura
1 Entangling Roots
» actions
| Build / train | 94 | |
| Enter build submenu | 33 | |
| Enter hero's abilities submenu | 10 | |
| Give item / drop item | 1 | |
| Right click | 257 | |
| Select / deselect | 291 | |
| Use ability | 75 | |
761 total
» units
| Wisp | 31 | |
| Archer | 7 | |
| Dryad | 14 | |
| Blue Drake | 1 | |
| Blue Dragon Whelp | 1 | |
| Glaive Thrower | 3 | |
57 total
» upgrades
| Abolish Magic | 1 | |
| Strength of the Wild | 3 | |
| Reinforced Hides | 3 | |
| Ultravision | 1 | |
| Nature's Blessing | 1 | |
| Backpack | 1 | |
| Vorpal Blades | 1 | |
11 total
» buildings
| Hunter's Hall | 1 | |
| Moon Well | 8 | |
| Altar of Elders | 1 | |
| Ancient of War | 1 | |
| Ancient Protector | 8 | |
| Tree of Ages | 2 | |
| Ancient of Lore | 5 | |
| Ancient of Wonders | 2 | |
| Tree of Life | 2 | |
| Tree of Eternity | 2 | |
32 total
» build order
00:14 Hunter's Hall
00:21 Moon Well
01:35 Altar of Elders
01:52 Ancient of War
02:12 Moon Well
02:30 Ancient Protector
02:49 Ancient Protector
03:54 Moon Well
04:04 Moon Well
04:37 Tree of Ages
05:45 Moon Well
05:50 Moon Well
07:25 Ancient of Lore
07:32 Ancient of Lore
07:43 Ancient of Lore
09:52 Ancient of Wonders
09:58 Ancient of Wonders
11:17 Tree of Life
11:26 Ancient Protector
11:34 Ancient Protector
12:39 Ancient Protector
12:45 Ancient Protector
15:43 Tree of Ages
16:02 Tree of Eternity
16:07 Ancient of Lore
18:12 Moon Well
18:21 Moon Well
18:27 Tree of Eternity
20:38 Ancient Protector
21:40 Ancient Protector
28:22 Ancient of Lore
29:30 Tree of Life
» items
| Periapt of Vitality | 1 | |
| Potion of Healing | 1 | |
| Scroll of Town Portal | 4 | |
| Orb of Venom | 3 | |
9 total
Chat log
(00:29 / Allies) Flashbang_Omnix: rush plz
(00:34 / Allies) Flashbang_Omnix: there at night
(00:39 / Allies) Flashbang_Omnix: foots to knights for me
(02:48 / Allies) spermie: i m new to this game
(03:43 / Allies) Flashbang_Omnix: meet
(04:35 / Allies) Flashbang_Omnix: guess im rushing alone
(04:39 / Allies) Flashbang_Omnix: sayonara'
(04:49 / Allies) Parabolica: omw
(05:02 / Allies) Flashbang_Omnix: what the heck is omw even mean?
(05:07 / Allies) Flashbang_Omnix: "omw"?
(05:11 / Allies) ohhh_nooooooooo: on my way
(05:14 / Allies) Flashbang_Omnix: oh
(05:25 / Allies) Flashbang_Omnix: reminds me of Naga Siren
(05:30 / Allies) Flashbang_Omnix: she says the sam
(06:11 / Allies) Flashbang_Omnix: no dont
(09:23 / Allies) Flashbang_Omnix: go back and hit
(09:30 / Allies) Flashbang_Omnix: me coming
(10:00 / Allies) Flashbang_Omnix: nice
(11:17 / Allies) Flashbang_Omnix: eenmy
(11:18 / Allies) Flashbang_Omnix: man
(11:20 / Allies) Flashbang_Omnix: enemy
(11:49 / Allies) Flashbang_Omnix: get aa
(11:51 / Allies) Flashbang_Omnix: please
(12:09 / Allies) Flashbang_Omnix: get tanks
(12:12 / Allies) Flashbang_Omnix: or copters or
(12:14 / Allies) Flashbang_Omnix: hawks
(12:53 / Allies) Flashbang_Omnix: damn we all human
(12:56 / Allies) Flashbang_Omnix: we got aa??
(13:27 / Allies) ohhh_nooooooooo: ill mass some tanks
(14:36 / Allies) ohhh_nooooooooo: wood?
(14:47 / Allies) Flashbang_Omnix: im low myself
(15:43 / Allies) Parabolica: ops
(15:44 / Allies) Parabolica: now
(15:45 / Allies) Parabolica: lol
(16:16 / Allies) ohhh_nooooooooo: ty
(16:20 / Allies) Flashbang_Omnix: np
(17:18 / Allies) Flashbang_Omnix: omw
(18:26 / Allies) Flashbang_Omnix: we need
(18:28 / Allies) Flashbang_Omnix: melee
(18:29 / Allies) Flashbang_Omnix: NOW
(19:33 / Allies) Flashbang_Omnix: get lots of melee
(19:36 / Allies) Flashbang_Omnix: then we good
(22:53 / Allies) ohhh_nooooooooo: gotta get tp
(23:23 / Allies) Parabolica: b
(23:25 / Allies) Parabolica: into base
(23:26 / Allies) Parabolica: b
(23:26 / Allies) Parabolica: b
(23:27 / Allies) Parabolica: b
(23:28 / Allies) Parabolica: save ur units
(23:30 / Allies) Parabolica: we will tp
(29:30 / Allies) Flashbang_Omnix: wood please
(31:05 / All) Flashbang_Omnix: fuckin human race
(31:13 / All) Flashbang_Omnix: lucky you guys
(31:19 / All) Flashbang_Omnix: so damn lucky
(32:17 / Allies) Parabolica: help plz
(33:17 / Allies) Flashbang_Omnix: knights
(33:27 / Allies) Flashbang_Omnix: use gryphons
(34:35 / Allies) spermie: we lost
(34:40 / Allies) spermie: fucking useless teal
(34:41 / Allies) Flashbang_Omnix: not your fault guys
(34:57 / Allies) Flashbang_Omnix: im not blaming neither of you
(35:03 / Allies) Flashbang_Omnix: human is the worst race ever
(35:14 / Allies) spermie: human is fun
(35:23 / All) Flashbang_Omnix: lucky you guys
(35:27 / All) 2thache: ya
(35:31 / All) Flashbang_Omnix: total lucky = four humans
(35:31 / All) 2thache: your so good
(35:43 / All) Flashbang_Omnix: and humans have the worst aa ever
(35:47 / All) Flashbang_Omnix: remember that
(35:53 / All) Flashbang_Omnix: that's why you've won